 Dungeon Crawl Stone Soup version 0.29-a0-839-g4793fd635e (webtiles) character file.

Game seed: 7461696558818725328

2475 Malachi the Cruncher (level 9, -4/67 HPs)
             Began as a Palentonga Fighter on July 14, 2022.
             Was a Follower of the Shining One.
             Slain by a cyan ugly thing (13 damage)
             ... on level 7 of the Dungeon.
             The game lasted 00:08:37 (5928 turns).

Malachi the Cruncher (Palentonga Fighter)           Turns: 5928, Time: 00:08:37

Health: -4/67      AC: 16    Str: 23    XL:     9   Next: 27%
Magic:  9/9        EV:  8    Int: 10    God:    the Shining One [*.....]
Gold:   298        SH:  0    Dex: 13    Spells: 8/8 levels left

rFire   . . .      SeeInvis +   s - +7 staff of the Meek {protect, meekguard}
rCold   . . .      Faith    .   (shield currently unavailable)
rNeg    . . .      Spirit   .   t - +1 ring mail of Monotheism {Dex+4}
rPois   .          Reflect  .   m - +0 helmet
rElec   .          Harm     .   u - +0 cloak
rCorr   .          Rampage  .   (no gloves)
Will    .....                   (no barding)
Stlth   +.........              l - amulet of the acrobat
HPRegen 0.21/turn               (no ring)
MPRegen 0.11/turn               (no ring)

@: about to teleport, glowing, curled up
A: large, rugged brown scales 3, see invisible, deformed body, roll 1, armoured
tail, reflexive curl
a: Rolling Charge, Renounce Religion, Divine Shield


You were on level 7 of the Dungeon.
You worshipped the Shining One.
The Shining One was aware of your devotion.
You visited 2 branches of the dungeon, and saw 8 of its levels.

You collected 298 gold pieces.

Inventory:

Hand Weapons
 a - a +0 war axe
 s - the +7 staff of the Meek (weapon) {protect, meekguard}
   (You found it on level 4 of the Dungeon)

   It grants its wielder temporary protection when it strikes (+7 to AC).
   It provides extra protection to wielders with little health.
Armour
 m - a +0 helmet (worn)
 t - the +1 ring mail of Monotheism (worn) {Dex+4}
   (You found it on level 4 of the Dungeon)

   Dex:       It affects your dexterity (+4).
 u - a +0 cloak (worn)
Jewellery
 b - a ring of fire
 l - an amulet of the acrobat (around neck)
 o - an amulet of faith
Wands
 n - a wand of digging (4)
 y - a wand of polymorph (6)
Scrolls
 f - 2 scrolls of enchant weapon {unknown}
 h - a scroll of teleportation
 j - 2 scrolls of immolation
 k - a scroll of poison
 q - 2 scrolls of blinking
 v - a scroll of torment
 w - a scroll of magic mapping
Potions
 c - a potion of magic
 d - 2 potions of might
 e - 3 potions of lignification
 g - 2 potions of flight
 i - 4 potions of curing
 x - a potion of attraction


   Skills:
 - Level 3.0 Fighting
 - Level 6.2 Axes
 * Level 10.9 Staves
 - Level 2.4 Armour
 - Level 0.3 Dodging
 - Level 0.1 Stealth
 - Level 2.7 Shields


You had 8 spell levels left.
You didn't know any spells.
Your spell library contained the following spells:

 Spells                   Type           Power      Damage    Failure   Level
 Necrotise                Necr           0%         1d4       52%         1
 Call Canine Familiar     Summ           0%         N/A       87%         3
 Frozen Ramparts          Ice            0%         1d2       87%         3
 Portal Projectile        Hex/Tloc       0%         N/A       87%         3
 Vampiric Draining        Necr           0%         2d6       87%         3
 Ice Form                 Ice/Tmut       0%         N/A       99%         4
 Leda's Liquefaction      Hex/Erth       0%         N/A       99%         4
 Summon Ice Beast         Ice/Summ       0%         N/A       99%         4
 Agony                    Necr           0%         N/A       100%        5


Dungeon Overview and Level Annotations

Branches:
Dungeon (7/15)             Temple (1/1) D:5

Altars:
Ashenzari
Cheibriados
Dithmenos
Elyvilon
Fedhas
Gozag
Kikubaaqudgha
Makhleb
Nemelex Xobeh
Okawaru
Qazlal
Ru
Sif Muna
Trog
Vehumet
Wu Jian
Yredelemnul
Zin
The Shining One
Lugonu


Innate Abilities, Weirdness & Mutations

You are completely covered in rugged brown scales. (AC +3, +7% HP)
You have supernaturally acute eyesight. (SInv)
Armour fits poorly on your strangely shaped body.
You can roll at nearby foes to attack.
You have a long armoured tail.
You curl defensively after being hit. (AC +7*)


Message History

The troll is lightly wounded.
The troll bites you but does no damage.
The troll claws you but does no damage. x2
The troll attacks as you move away! The troll bites you!
The troll barely misses you. The troll claws you!
A seven-headed hydra comes into view.
The orc attacks as you move away! The orc completely misses you.
A troll comes into view.
You hit the orc.
The orc is moderately wounded.
The orc hits you but does no damage.
You hit the orc.
You kill the orc!
You hit the cyan ugly thing.
The cyan ugly thing is lightly wounded.
The cyan ugly thing completely misses you.
You hit the cyan ugly thing.
The cyan ugly thing is lightly wounded.
The cyan ugly thing gores you but does no damage.
You hit the cyan ugly thing.
The cyan ugly thing is lightly wounded.
A yak comes into view.
The yak bellows!
You sock the cyan ugly thing!
The cyan ugly thing is moderately wounded.
The cyan ugly thing gores you but does no damage.
You sock the cyan ugly thing!
The cyan ugly thing is moderately wounded.
The cyan ugly thing gores you! The cyan ugly thing shocks you!
You are too injured to fight recklessly!
You are too injured to fight recklessly!
You are too injured to fight recklessly!
Unknown command.
The cyan ugly thing attacks as you move away!
The cyan ugly thing gores you. The cyan ugly thing shocks you!
* * * LOW HITPOINT WARNING * * *
As you read the scroll of teleportation, it crumbles to dust.
You feel strangely unstable. The cyan ugly thing gores you.
* * * LOW HITPOINT WARNING * * *
The cyan ugly thing shocks you!
You die...

#Y# #T# #
#.##.#.#
#oT)o.#
#)##.#.# #.# #
#.#######o#
#.....uD..#
#######@#####
..# #..##
#.###..# #
#.#..##..# .#
## #.#).#
..##.# #.
#..##..##..#..#
..
#.###..##..##..
#.
#.#..##..##.#.#
#. #.#..##..#
.#.# #.


You could see a seven-headed hydra, a cyan ugly thing and an orc.

Vanquished Creatures
  A cyclops (D:7)
  The ghost of capka3m the Magician, an amateur MeEE (D:4)
  Eustachio (D:4)
  A steam dragon (D:7)
  Menkaure (D:6)
  2 black bears (D:6)
  An ogre (D:7)
  A centaur (D:6)
  A phantom (D:7)
  A bullfrog (D:7)
  2 scorpions
  A howler monkey (D:7)
  2 orc priests
  2 jellies
  Crazy Yiuf (D:4)
  A gnoll bouda (D:7)
  2 hounds (D:6)
  9 orc wizards
  Terence (D:3)
  Natasha (twice) (D:2)
  3 iguanas
  3 gnolls (D:3)
  11 adders
  A shadow imp (D:6)
  3 dart slugs
  21 orcs
  3 endoplasms
  7 giant cockroaches
  4 goblins
  9 hobgoblins
  8 jackals
  6 kobolds
  5 quokkas
  3 ball pythons (D:2)
  3 bats (D:1)
  A frilled lizard (D:1)
  8 rats
133 creatures vanquished.

Vanquished Creatures (others)
  Natasha (D:2)
  An orc wizard (D:6)
2 creatures vanquished.

Grand Total: 135 creatures vanquished

Notes
Turn   | Place    | Note
-------+----------+-------------------------------------------
     0 | D:1      | Malachi the Palentonga Fighter began the quest for the Orb.
     0 | D:1      | Reached XP level 1. HP: 19/19 MP: 1/1
   129 | D:1      | Reached XP level 2. HP: 25/25 MP: 2/2
   630 | D:1      | Found a faded altar of an unknown god.
   911 | D:2      | Reached XP level 3. HP: 27/31 MP: 3/3
  1089 | D:2      | Reached XP level 4. HP: 20/37 MP: 4/4
  1244 | D:2      | Noticed Natasha
  1251 | D:2      | Killed Natasha
  1467 | D:2      | Noticed Natasha
  1476 | D:2      | Killed Natasha
  1477 | D:2      | Reached skill level 5 in Axes
  1624 | D:2      | Noticed Natasha
  1631 | D:2      | Killed Natasha
  1632 | D:2      | Reached XP level 5. HP: 40/43 MP: 5/5
  1970 | D:3      | Noticed Terence
  1976 | D:3      | Killed Terence
  2316 | D:3      | Found an opulent altar of Gozag.
  2404 | D:3      | Found a glowing silver altar of Zin.
  2595 | D:4      | Found a stormy altar of Qazlal.
  2623 | D:4      | Reached XP level 6. HP: 38/50 MP: 6/6
  2698 | D:4      | Found the +7 staff of the Meek {protect, meekguard}
  2763 | D:4      | Identified the +1 ring mail of Monotheism {Dex+4}
  2787 | D:4      | Found a broken altar of Ashenzari.
  3185 | D:4      | Found a shadowy altar of Dithmenos.
  3187 | D:4      | Noticed Eustachio
  3190 | D:4      | Reached skill level 1 in Staves
  3211 | D:4      | Killed Eustachio
  3212 | D:4      | Reached skill level 3 in Staves
  3413 | D:4      | Found a runed translucent door.
  3414 | D:4      | Noticed Crazy Yiuf
  3457 | D:4      | Found a runed translucent door.
  3470 | D:4      | Noticed capka3m's ghost (amateur MeEE)
  3714 | D:4      | Killed capka3m's ghost
  3715 | D:4      | Reached skill level 4 in Staves
  3715 | D:4      | Gained mutation: You curl defensively after being hit. (AC
                  | +7*) [Palentonga growth]
  3715 | D:4      | Reached XP level 7. HP: 47/55 MP: 7/7
  3797 | D:4      | Killed Crazy Yiuf
  3798 | D:4      | Reached skill level 5 in Staves
  3891 | D:5      | Entered Level 5 of the Dungeon
  3915 | D:5      | Found a sacrificial altar of Ru.
  3941 | D:5      | Found an ornate altar of the Wu Jian Council.
  4021 | D:5      | Found a staircase to the Ecumenical Temple.
  4073 | Temple   | Entered the Ecumenical Temple
  4121 | Temple   | Became a worshipper of the Shining One
  4305 | D:5      | Reached skill level 6 in Staves
  4338 | D:5      | Found a radiant altar of Vehumet.
  4339 | D:5      | Found an ancient bone altar of Kikubaaqudgha.
  4340 | D:5      | Found a shimmering blue altar of Sif Muna.
  4601 | D:6      | Noticed Menkaure
  4607 | D:6      | Killed Menkaure
  4608 | D:6      | Reached skill level 7 in Staves
  4608 | D:6      | Reached XP level 8. HP: 62/62 MP: 8/8
  4678 | D:6      | Found a blossoming altar of Fedhas.
  4902 | D:6      | Reached skill level 8 in Staves
  5162 | D:6      | Found a bloodstained altar of Trog.
  5506 | D:7      | Noticed a cyclops
  5508 | D:7      | Reached * piety under the Shining One
  5517 | D:7      | Killed a cyclops
  5518 | D:7      | Reached skill level 9 in Staves
  5521 | D:7      | Reached skill level 10 in Staves
  5521 | D:7      | Reached XP level 9. HP: 15/67 MP: 9/9
  5906 | D:7      | Noticed a troll
  5909 | D:7      | Noticed a cyan ugly thing
  5914 | D:7      | Noticed a seven-headed hydra
  5915 | D:7      | Noticed a troll
  5928 | D:7      | Slain by a cyan ugly thing

Illustrated notes

Levels and vault maps discovered:
D:1:      giann_horns, layout_basic, hellmonk_ecumenical_altar_defaced_shrine,
          minmay_tall_x
D:2:      layout_rooms, uniq_natasha
D:3:      layout_loops_corners, pdpol_temple_overflow_zin_treasury_gozag_greed,
          uniq_terence
D:4:      layout_basic, mainiacjoe_overflow_alcove_2,
          nicolae_dithmenos_shadow_blocks, nicolae_qazlal_scattered_showers,
          ebering_ghost_sewer_d, pf_guarded_unrand_meek, uniq_eustachio,
          uniq_crazy_yiuf_cottage
D:5:      layout_cave_pools, grunt_temple_overflow_magic_moments,
          nzn_wu_jian_contemplation, nicolae_ru_awakened_eye,
          minmay_temple_entry_fiery, feat_on_display
D:6:      layout_basic, lightli_temple_of_fire, fedhas_altar_3, uniq_menkaure
D:7:      minmay_the_grid_plus [minmay_the_grid_minigrid_medium,
          minmay_the_grid_odd_star, minmay_the_grid_doors, minmay_the_grid_mess,
          minmay_the_grid_prize_shrinking_boxes], layout_loops_ring,
          serial_shops, shop, lightli_church_of_beogh, uniq_prince_ribbit1,
          uniq_maggie
Temple:   corrupted_temple

Skill      XL: |  1  2  3  4  5  6  7  8 |
---------------+-------------------------+-----
Axes           | 3 4 5 6 |  6.2
Staves         | 4 7 10 | 10.9
Fighting       | |  3.0
Armour         | |  2.4
Dodging        | |  0.3
Stealth        | |  0.1
Shields        | |  2.7

Action                   |  1- 3 |  4- 6 |  7- 9 || total
-------------------------+-------+-------+-------++-------
Melee: War axe           |    89 |    78 |       ||   167
       Tailslap          |     9 |    15 |    17 ||    41
       Quarterstaff      |       |    56 |   134 ||   190
 Abil: Rolling Charge    |     1 |     3 |       ||     4
  Use: Scroll            |       |       |    11 ||    11
       Potion            |       |       |     4 ||     4
 Stab: Invisible         |       |       |     1 ||     1
Armor: Scale mail        |    56 |    35 |       ||    91
       Ring mail         |       |    17 |    75 ||    92
Dodge: Dodged            |    42 |    49 |    62 ||   153
Block: Buckler           |    20 |    12 |       ||    32

Table legend: (Time is in decaauts)
 A = Elapsed time spent in this place.
 B = Non-inter-level travel time spent in this place.
 C = Inter-level travel time spent in this place.
 D = Time resting spent in this place.
 E = Time spent auto-exploring this place.
 F = Levels seen in this place.
 G = Mean time per level.
                   A        B        C        D        E       F      G
               +--------+--------+--------+--------+--------+-----+--------+
         Total |   5992 |   5713 |    279 |    288 |   4473 |   8 |  749.0 |
       Dungeon |   5929 |   5663 |    266 |    288 |   4450 |   7 |  847.0 |
        Temple |     62 |     49 |     13 |      0 |     23 |   1 |   62.0 |
               +--------+--------+--------+--------+--------+-----+--------+

Top non-repeatable levels by time:
     D:4: 1315 daAuts
     D:3: 934 daAuts
     D:6: 924 daAuts
     D:1: 923 daAuts
     D:2: 797 daAuts
     D:5: 551 daAuts
     D:7: 483 daAuts
  Temple: 62 daAuts
